 Dungeon Crawl Stone Soup version 0.24-a0-537-g2d01d4ab0a (webtiles) character file.

Game seed: 1122746399227821834

40273 Dumdum the Eclecticist (level 13, 0/63 HPs)
             Began as a Deep Elf Conjurer on Aug 12, 2019.
             Was a High Priest of Vehumet.
             Asphyxiated
             ... on level 5 of the Lair of Beasts.
             The game lasted 01:17:15 (22335 turns).

Dumdum the Eclecticist (Deep Elf Conjurer)         Turns: 22335, Time: 01:17:16

Health: 0/63       AC: 10    Str:  5    XL:     13   Next: 73%
Magic:  33/45      EV: 14    Int: 26    God:    Vehumet [*****.]
Gold:   1050       SH:  0    Dex: 15    Spells: 19/47 levels left

rFire    . . .     SeeInvis .   A - staff of energy
rCold    . . .     Gourm    .   (no shield)
rNeg     . . .     Faith    .   i - +0 troll leather armour
rPois    .         Spirit   .   g - +2 hat
rElec    .         Reflect  .   (no cloak)
rCorr    .         Harm     .   b - +0 pair of gloves
MR       +....                  h - +0 pair of boots
Stlth    +++.......             (no amulet)
HPRegen  0.60/turn              E - ring of magical power
MPRegen  0.29/turn              y - +2 ring of protection

@: lethally poisoned (0 -> -6), about to teleport, very slightly contaminated,
slowed, invisible, very slow
A: no striking features
a: Renounce Religion


You were on level 5 of the Lair of Beasts.
You worshipped Vehumet.
Vehumet was extremely pleased with you.
You were not hungry.

You visited 3 branches of the dungeon, and saw 17 of its levels.
You also visited: Bailey.

You collected 1050 gold pieces.

Inventory:

Armour
 b - a +0 pair of gloves (worn)
 g - a +2 hat (worn)
 h - a +0 pair of boots (worn)
 i - a +0 troll leather armour (worn)
Magical Staves
 A - an uncursed staff of energy (weapon)
Jewellery
 q - an uncursed ring of resist corrosion
 s - an uncursed ring of protection from cold
 y - a +2 ring of protection (right hand)
 E - a ring of magical power (left hand)
Wands
 n - a wand of digging (14)
Scrolls
 a - 3 scrolls of blinking
 e - 6 scrolls of remove curse
 f - 2 scrolls of amnesia
 j - 3 scrolls of magic mapping
 k - 4 scrolls of teleportation
 p - a scroll of enchant weapon
 x - a scroll of fog
 z - a scroll of fear
 H - 2 scrolls of immolation {unknown}
Potions
 d - 3 potions of mutation {unknown}
 l - 3 potions of flight
 m - 6 potions of curing
 o - 2 potions of agility
 r - 2 potions of degeneration {unknown}
 t - a potion of heal wounds
 u - a potion of brilliance {unknown}
 v - 3 potions of resistance {unknown}
 w - 2 potions of magic
 D - a potion of haste
Miscellaneous
 B - a fan of gales
Comestibles
 c - 19 rations
 C - a chunk of flesh


   Skills:
 + Level 3.6 Armour
 + Level 6.1 Dodging
 + Level 5.4 Stealth
 + Level 17.8 Spellcasting
 + Level 15.4 Conjurations
 + Level 4.1 Hexes
 + Level 9.0 Translocations
 + Level 6.2 Fire Magic


You had 19 spell levels left.
You knew the following spells:

 Your Spells              Type           Power        Failure   Level  Hunger
a - Magic Dart            Conj           ####         0%          1    None
b - Searing Ray           Conj           ######       0%          2    None
c - Force Lance           Conj/Tloc      ######..     1%          4    None
d - Fulminant Prism       Conj/Hex       ######....   1%          4    None
e - Fireball              Conj/Fire      ######....   1%          5    None
f - Inner Flame           Hex/Fire       ######..     1%          3    None
g - Ignite Poison         Fire/Tmut/Pois ####....     1%          3    None
h - Bolt of Fire          Conj/Fire      ######....   1%          6    None

Your spell library contained the following spells:

 Spells                   Type           Power        Failure   Level  Hunger
 Apportation              Tloc           ######       1%          1    None
 Confusing Touch          Hex            #####.       1%          1    None
 Flame Tongue             Conj/Fire      #####        1%          1    None
 Shroud of Golubria       Chrm/Tloc      #####.       1%          2    None
 Throw Flame              Conj/Fire      ######       1%          2    None
 Conjure Flame            Conj/Fire      ######..     1%          3    None
 Dazzling Spray           Conj/Hex       ######       1%          3    None
 Iskenderun's Mystic Bla  Conj           #######.     1%          4    None
 Sticky Flame             Conj/Fire      ######..     1%          4    None
 Animate Skeleton         Necr           N/A          3%          1    None
 Beastly Appendage        Tmut           ###...       3%          1    None
 Infusion                 Chrm           ###.         3%          1    None
 Summon Small Mammal      Summ           ###.         3%          1    None
 Song of Slaying          Chrm           ###.....     4%          2    None
 Sticks to Snakes         Tmut           ###.....     4%          2    None
 Spectral Weapon          Hex/Chrm       ####....     4%          3    None
 Regeneration             Chrm/Necr      ###.......   10%         3    None
 Spider Form              Tmut/Pois      ###.......   10%         3    None
 Ice Form                 Ice/Tmut       ###.....     32%         4    None
 Blade Hands              Tmut           ###.......   65%         5    None


Dungeon Overview and Level Annotations

Branches:
Dungeon (11/15)            Temple (1/1) D:4            Lair (5/6) D:11
 Shoals (0/4) Lair:4       Spider (0/4) Lair:3          Orc (0/2) D:11
  Slime: Lair:5-6

Altars:
Ashenzari
Dithmenos
Fedhas
Gozag
Okawaru
Qazlal
Ru
Uskayaw
Vehumet
Xom
The Shining One

Shops:
D:8 :

Annotations:
Lair:1 3 runed translucent doors, demivan's ghost, novice DrBe
Lair:5 Sonja


Message History

You are more poisoned.
You have difficulty breathing.
* * * LOW HITPOINT WARNING * * *
You feel as though you will be slow longer.
You see here a curare-tipped dart.
You feel sick.
You feel sick.
You feel sick.
Casting: Bolt of Fire (safe; 1% risk of failure)
Confirm with . or Enter, or press ? or * to list all spells.
Aiming: Bolt of Fire (safe; 1% risk of failure)
Press: ? - help, Shift-Dir - straight line, f/p - Sonja
Aim: Sonja, wielding a +0 short sword of venom (hasn't noticed you)
The bolt of fire misses Sonja.
You feel sick.
As you read the scroll of teleportation, it crumbles to dust.
You feel strangely unstable.
You feel sick.
Sonja throws a curare-tipped dart.
The curare-tipped dart hits you.
You are more poisoned.
You have difficulty breathing.
You die...

#....#....P# #..
##....#K.t## #..
##........#### ##..
#.K..........# #...
#....#.#....P# ##..
#..(#####...## #...
##....# #.....# ##.#
#.#...####t...# ##.
##...#@####KPP# #..
##...##.##..## #⌠.
#..#.(.....## #..
#....(≈≈≈≈..# ##.
#....°t≈≈≈#.# ## ###
#.#...(.≈≈≈##.....###..
#.......≈≈.# ..#...#...
#.P...P.≈≈.............
#........≈≈.#...⌠...+...


You could see Sonja.

Vanquished Creatures
  Gastronok (Lair:3)
  2 hydras
  2 two-headed ogres
  A catoblepas (Lair:2)
  10 death yaks
  A tengu warrior (D:10)
  An unseen horror (D:11)
  Pikel (D:5)
  A manticore (D:11)
  2 cyclopes (D:11)
  A centaur zombie (D:10)
  Psyche (D:10)
  A black mamba (Lair:4)
  5 elephants (Lair:3)
  9 spiny frogs
  5 komodo dragons
  4 rime drakes
  2 polar bears (Lair:5)
  2 trolls
  8 hippogriffs
  18 blink frogs
  3 redbacks (Lair:3)
  19 yaks
  Sigmund (D:4)
  2 wyverns
  A basilisk (Lair:1)
  A hungry ghost (D:8)
  3 wargs (D:11)
  8 water moccasins
  8 porcupines
  4 orc warriors
  2 sky beasts
  2 ice beasts
  3 phantoms
  A slave (D:6)
  2 necrophages
  5 ogres
  3 wolves (Lair:1)
  A black bear (D:6)
  4 centaurs
  4 crocodiles
  3 big kobolds
  12 bullfrogs
  9 gnoll sergeants
  A wyvern zombie (D:7)
  A water moccasin zombie (D:9)
  A scorpion (D:8)
  10 wights
  12 killer bees
  3 howler monkeys (D:8)
  An electric eel (D:10)
  4 crimson imps
  3 jellies
  A quasit (D:8)
  9 hounds
  7 gnoll shamans
  6 orc priests
  10 orc wizards
  3 bullfrog skeletons
  2 centaur skeletons
  3 iguanas
  2 hell rats (Lair:1)
  8 worker ants
  A hound zombie (D:11)
  A howler monkey zombie (D:5)
  23 gnolls
  13 adders
  5 river rats (Lair:1)
  4 shadow imps
  A white imp (D:5)
  An adder zombie (D:5)
  2 adder skeletons
  4 worms
  6 leopard geckos
  25 orcs
  8 bats
  4 giant cockroaches
  12 goblins
  8 hobgoblins
  7 jackals
  17 kobolds
  3 quokkas
  A ball python (D:3)
  3 frilled lizards
  A giant cockroach zombie (D:5)
  2 goblin skeletons (D:5)
  A goblin zombie (D:5)
  3 hobgoblin zombies (D:5)
  2 kobold zombies (D:5)
  A leopard gecko skeleton (D:4)
  13 rats
438 creatures vanquished.

Vanquished Creatures (others)
  A slave (D:6)
  31 fulminant prisms
  3 fungi
  2 plants
37 creatures vanquished.

Grand Total: 475 creatures vanquished

Notes
Turn   | Place    | Note
-------+----------+-------------------------------------------
     0 | D:1      | Dumdum the Deep Elf Conjurer began the quest for the Orb.
     0 | D:1      | Reached XP level 1. HP: 10/10 MP: 6/6
    95 | D:1      | Reached XP level 2. HP: 15/15 MP: 4/8
    99 | D:1      | Learned a level 2 spell: Searing Ray
   515 | D:1      | Reached skill level 5 in Conjurations
   679 | D:1      | Reached XP level 3. HP: 19/19 MP: 8/10
  1066 | D:2      | Found a shimmering altar of Xom.
  1067 | D:2      | Found a shimmering altar of Xom.
  1067 | D:2      | Found a shimmering altar of Xom.
  1069 | D:2      | Found a shimmering altar of Xom.
  1135 | D:2      | Found a shimmering altar of Xom.
  1135 | D:2      | Found a shimmering altar of Xom.
  1136 | D:2      | Found a shimmering altar of Xom.
  1457 | D:2      | Reached skill level 4 in Spellcasting
  1457 | D:2      | Reached XP level 4. HP: 23/24 MP: 6/12
  2005 | D:3      | Learned a level 4 spell: Force Lance
  2422 | D:3      | Found a radiant altar of Vehumet.
  2423 | D:3      | Found a shattered altar of Ashenzari.
  2431 | D:3      | Became a worshipper of Vehumet
  2683 | D:3      | Learned a level 4 spell: Fulminant Prism
  2715 | D:3      | Reached XP level 5. HP: 25/28 MP: 5/14
  3045 | D:4      | Reached skill level 1 in Armour
  3119 | D:4      | Found a stormy altar of Qazlal.
  3145 | D:4      | Noticed a fire elemental
  3146 | D:4      | Noticed a water elemental
  3146 | D:4      | Noticed an air elemental
  3186 | D:4      | Found a staircase to the Ecumenical Temple.
  3196 | D:4      | Noticed Sigmund
  3209 | D:4      | Killed Sigmund
  3209 | D:4      | Reached skill level 5 in Spellcasting
  3209 | D:4      | Reached XP level 6. HP: 11/32 MP: 6/16
  3512 | Temple   | Entered the Ecumenical Temple
  3974 | D:4      | Noticed a +0 hand axe
  3975 | D:4      | Noticed a +0 dagger
  3977 | D:4      | Found a hide-covered altar of Uskayaw.
  3993 | D:4      | Reached skill level 1 in Translocations
  4144 | D:4      | Reached skill level 6 in Spellcasting
  4144 | D:4      | Reached XP level 7. HP: 36/36 MP: 9/18
  4651 | D:5      | Entered Level 5 of the Dungeon
  4694 | D:5      | Found a glowing golden altar of the Shining One.
  5273 | D:5      | Reached * piety under Vehumet
  5273 | D:5      | Offered knowledge of Flame Tongue by Vehumet.
  5452 | D:5      | Reached skill level 7 in Spellcasting
  5939 | D:6      | Found a sacrificial altar of Ru.
  5972 | D:6      | Found a shadowy altar of Dithmenos.
  6033 | D:6      | Noticed Pikel
  6333 | D:6      | Reached skill level 1 in Hexes
  6333 | D:6      | Reached XP level 8. HP: 26/41 MP: 12/21
  6445 | D:5      | Killed Pikel
  6445 | D:5      | Reached skill level 8 in Spellcasting
  6630 | D:6      | Found a blossoming altar of Fedhas.
  6803 | D:6      | Learned a level 5 spell: Fireball
  7288 | D:6      | Found a glowing golden altar of the Shining One.
  7305 | D:6      | Reached skill level 9 in Spellcasting
  7493 | D:6      | Reached XP level 9. HP: 45/45 MP: 20/24
  8172 | D:6      | Learned a level 3 spell: Inner Flame
  8175 | D:7      | Reached ** piety under Vehumet
  8190 | D:7      | Offered knowledge of Sandblast by Vehumet.
  8277 | D:7      | Reached skill level 10 in Spellcasting
  8578 | D:7      | Found a flagged portal.
  8585 | Bailey   | Entered a bailey
  8589 | Bailey   | Reached skill level 10 in Conjurations
  8758 | Bailey   | Identified the cursed +1 chain mail of the Equator {*Slow
                  | MR++}
  8914 | Bailey   | Offered knowledge of Stone Arrow by Vehumet.
  9412 | Bailey   | Reached skill level 11 in Spellcasting
  9413 | Bailey   | Reached *** piety under Vehumet
  9930 | D:7      | Reached XP level 10. HP: 43/50 MP: 17/27
 10947 | D:8      | Reached skill level 5 in Dodging
 11061 | D:8      | Offered knowledge of Ignite Poison by Vehumet.
 11219 | D:8      | Learned a level 3 spell: Ignite Poison
 11459 | D:8      | Reached skill level 12 in Spellcasting
 11825 | D:8      | Found Oblur's Book Boutique.
 12246 | D:9      | Reached skill level 1 in Fire Magic
 12529 | D:9      | Found an opulent altar of Gozag.
 12529 | D:9      | Found an iron altar of Okawaru.
 13023 | D:10     | Entered Level 10 of the Dungeon
 13035 | D:10     | Noticed Psyche
 13040 | D:10     | Killed Psyche
 13060 | D:10     | Reached **** piety under Vehumet
 13060 | D:10     | Reached skill level 5 in Translocations
 13251 | D:9      | Noticed a two-headed ogre
 13260 | D:9      | Killed a two-headed ogre
 13389 | D:10     | Reached skill level 13 in Spellcasting
 13566 | D:10     | Offered knowledge of Irradiate by Vehumet.
 13598 | D:10     | Reached XP level 11. HP: 29/54 MP: 16/30
 14203 | D:10     | Noticed a tengu warrior
 14208 | D:10     | Killed a tengu warrior
 14377 | D:10     | Reached ***** piety under Vehumet
 14378 | D:10     | Offered knowledge of Bolt of Fire by Vehumet.
 14386 | D:10     | Learned a level 6 spell: Bolt of Fire
 15368 | D:11     | Reached skill level 14 in Spellcasting
 15491 | D:11     | Found a staircase to the Orcish Mines.
 15624 | D:11     | Found a staircase to the Lair.
 16050 | D:11     | Noticed a two-headed ogre
 16062 | D:11     | Killed an unseen horror
 16062 | D:11     | Killed a two-headed ogre
 16443 | Lair:1   | Entered Level 1 of the Lair of Beasts
 16465 | Lair:1   | Found a runed translucent gate.
 16465 | Lair:1   | Found a runed translucent gate.
 16465 | Lair:1   | Found a runed translucent gate.
 16827 | Lair:1   | Reached XP level 12. HP: 59/59 MP: 31/32
 17100 | Lair:1   | Reached skill level 15 in Spellcasting
 17305 | Lair:1   | Noticed a death ooze
 17305 | Lair:1   | Noticed demivan's ghost (novice DrBe)
 17583 | Lair:2   | Noticed a catoblepas
 17589 | Lair:2   | Killed a catoblepas
 17589 | Lair:2   | Reached skill level 5 in Stealth
 19138 | Lair:3   | Reached skill level 16 in Spellcasting
 19296 | Lair:3   | Noticed Gastronok
 19328 | Lair:3   | Killed Gastronok
 19328 | Lair:3   | Reached skill level 5 in Fire Magic
 19544 | Lair:3   | Reached XP level 13. HP: 63/63 MP: 3/35
 19748 | Lair:3   | Found a hole to the Spider Nest.
 20489 | Lair:3   | Reached skill level 17 in Spellcasting
 20834 | Lair:4   | Reached skill level 15 in Conjurations
 21053 | Lair:4   | Found a staircase to the Shoals.
 22310 | Lair:5   | Noticed Sonja
 22335 | Lair:5   | Asphyxiated

Levels and vault maps discovered:
D:1:      minmay_arrival_five_plusses, layout_basic, supply_closet_lemuel,
          minmay_rat_gold_closets
D:2:      layout_loops_ring, xom_redecorated, serial_co_window_serial,
          co_window_of_opportunity_a, co_window_corner_a,
          co_window_of_opportunity_a, co_window_paths_b, co_window_paths_b,
          co_window_paths_b, co_window_paths_a, co_window_2corner,
          co_window_unsneaky_path_d, co_window_broadway_c, glass_columns_a,
          glass_columns_b, glass_columns_b, glass_columns_b, glass_columns_a,
          hangedman_decor_peaks_small
D:3:      layout_basic, chequers_temple_overflow_statue_of_worship
D:4:      layout_basic, dancing_weapons_uskayaw,
          nicolae_qazlal_style_of_elements, minmay_temple_entry_stoned_glass,
          uniq_sigmund
D:5:      kennysheep_spiral_hall, layout_basic, first_ration,
          nicolae_tso_besieged_by_evil
D:6:      minmay_razor_zed, layout_basic, grunt_dithmenos_smoke,
          old_standard_altar, old_standard_altar,
          nicolae_overflow_crystal_walls, uniq_pikel
D:7:      layout_loops_ring, enter_bailey_3, eino_small_chamber_without_monster,
          kennysheep_nub
D:8:      layout_cave_pods, serial_shops, shop, st_stairs_5
D:9:      layout_roguey, gammafunk_temple_overflow_pools
D:10:     cheibrodos_helix_gallery, layout_basic, grunt_tengu_nest, uniq_psyche
D:11:     layout_loops_ring, lair_entry_dummy, minmay_orc_entry_guard_dogs
Temple:   jpeg_temple_clearing
Lair:1:   layout_regular_city, gammafunk_ghost_ooze,
          cheibrodos_lair_caveside_slide, minivault_27, kennysheep_rathole
Lair:2:   layout_small_grid, gauntlet_entry_generic, patterned_corridor,
          grunt_megastairs_2, infiniplex_staircase_pool
Lair:3:   layout_roguey, spider_nest_entry_webs, minivault_25, uniq_gastronok
Lair:4:   layout_misc_corridors, elwin_shoals_entry_rocks, serial_bayou_shore_b
Lair:5:   layout_gridlike, grunt_megastairs_1, uniq_sonja

Skill      XL: |  1  2  3  4  5  6  7  8  9 10 11 12 13 |
---------------+----------------------------------------+-----
Conjurations   | 5 6 7 9 10 11 13 14 15 | 15.4
Spellcasting   | 4 5 6 7 9 11 13 14 16 17 | 17.8
Armour         | 1 2 3 |  3.6
Stealth        | 3 4 5 |  5.4
Dodging        | 3 4 5 6 |  6.1
Translocations | 1 2 4 5 6 7 9 |  9.0
Hexes          | 1 2 3 4 |  4.1
Fire Magic     | 1 3 5 6 |  6.2

Action                   |  1- 3 |  4- 6 |  7- 9 | 10-12 | 13-15 || total
-------------------------+-------+-------+-------+-------+-------++-------
Melee: Unarmed           |       |       |       |     5 |       ||     5
       Staff             |       |       |       |     3 |     2 ||     5
 Cast: Magic Dart        |    70 |    59 |   227 |   241 |    49 ||   646
       Searing Ray       |     4 |    13 |    11 |    19 |     3 ||    50
       Force Lance       |       |     4 |    70 |   131 |    52 ||   257
       Fulminant Prism   |       |     1 |    22 |     8 |       ||    31
       Fireball          |       |       |     2 |    56 |    12 ||    70
       Inner Flame       |       |       |     2 |       |       ||     2
       Bolt of Fire      |       |       |       |    30 |    27 ||    57
  Use: Scroll            |     3 |     3 |     6 |     7 |     1 ||    20
       Potion            |       |     1 |     2 |     7 |     3 ||    13
  Eat: Chunk             |     2 |     7 |     9 |     7 |     2 ||    27
       Ration            |       |     1 |     3 |     7 |     2 ||    13
Armor: Leather armour    |     2 |     2 |       |       |       ||     4
       Robe              |       |     5 |    22 |    27 |       ||    54
       Troll leather arm |       |       |       |    13 |    10 ||    23
Dodge: Dodged            |     2 |    15 |    70 |    79 |    23 ||   189

Table legend:
 A = Non-vault XP
 B = Vault XP
 C = Vault XP percentage of total XP
 D = Non-vault monster count
 E = Vault monster count
 F = Vault count percentage of total count
                 A         B        C        D         E       F
            +---------+---------+-------+---------+---------+-------
      Total |   47496 |   10037 |  17.4 |     341 |      96 |  22.0
            +---------+---------+-------+---------+---------+-------
        D:1 |      38 |       6 |  13.6 |      21 |       6 |  22.2
        D:2 |      66 |       0 |   0.0 |      15 |       0 |   0.0
        D:3 |     128 |       0 |   0.0 |      20 |       0 |   0.0
        D:4 |     393 |     212 |  35.0 |      15 |       1 |   6.2
        D:5 |     359 |     756 |  67.8 |      12 |      14 |  53.8
        D:6 |     699 |     707 |  50.3 |      18 |      11 |  37.9
        D:7 |    1624 |       8 |   0.5 |      39 |       4 |   9.3
        D:8 |    1019 |       5 |   0.5 |      25 |       2 |   7.4
        D:9 |    1539 |       0 |   0.0 |      12 |       0 |   0.0
       D:10 |    4267 |    1621 |  27.5 |      44 |       4 |   8.3
       D:11 |    5685 |     504 |   8.1 |      27 |       3 |  10.0
     Temple |      36 |       0 |   0.0 |       1 |       0 |   0.0
     Lair:1 |    2652 |     133 |   4.8 |      15 |       9 |  37.5
     Lair:2 |    4307 |    1382 |  24.3 |      14 |       6 |  30.0
     Lair:3 |   12416 |    2989 |  19.4 |      30 |       4 |  11.8
     Lair:4 |    5697 |       0 |   0.0 |      19 |       0 |   0.0
     Lair:5 |    6571 |     507 |   7.2 |      14 |       2 |  12.5
     Bailey |       0 |    1207 | 100.0 |       0 |      30 | 100.0
            +---------+---------+-------+---------+---------+-------
